cohdb
Replays
Latest Replays
All Replays
Popular Replays
Top Player Replays
Match Explorer
How It Works
Community
CoH3 Stats
Reddit
Sign in to upload your games and track your stats! →
Sign in with Steam
Match 45840664
Unlisted
Match 45840664
Overview
Messages
Build Orders
End
Kettenkrad Recon Vehicle
Construct Infanterie Kompanie
Grenadier Squad
Grenadier Squad
Grenadier Squad
Grenadier Squad
Construct Luftwaffe Kompanie
Selects Mechanized Battlegroup
Selects Mechanized Battlegroup
Medical Station
Selects Raid Package
221 Scout Car
Jäger Squad
Selects StuG Assault Group
StuG Assault Group
Jäger Squad
Selects Mobile Repair Stations
Construct Panzer Kompanie
Jäger Squad
chmod 777
Nick
Thermidor
hitkidsnotjuuls
0
0
Comments
sign in to comment!
No comments posted yet!